 Dungeon Crawl Stone Soup version 0.18.1-50-g88ac8fd (webtiles) character file.

223 Gargoyl the Distorting Demonspawn (level 5, 0/42 HPs)
             Began as a Demonspawn Abyssal Knight on Oct 9, 2016.
             Was a Believer of Lugonu.
             Killed from afar by an orc wizard (3 damage)
             ... with a puff of flame
             ... on level 2 of the Dungeon.
             The game lasted 00:06:42 (2573 turns).

Gargoyl the Distorting Demonspawn (DsAK)            Turns: 2573, Time: 00:06:43

Health: 0/42       AC:  8    Str: 19    XL:     5   Next: 66%
Magic:  8/8        EV: 15    Int: 18    God:    Lugonu [**....]
Gold:   99         SH:  0    Dex: 17    Spells: 0 memorised, 4 levels left

rFire  . . .     SeeInvis .     a - +2 hand axe
rCold  + . .     Gourm    .     n - +0 scale mail
rNeg   + . .     Faith    .     e - +0 buckler
rPois  .         Spirit   .     (no helmet)
rElec  .         Dismiss  .     (no cloak)
rCorr  .         Reflect  .     f - +0 pair of gloves
SustAt .         Harm     .     (no boots)
MR     .....                    (no amulet)
Stlth  ..........               (no ring)
                                g - ring of positive energy

@: confused, mighty, brilliant, agile, not resistant to hostile enchantments,
extremely unstealthy
A: hooves 1, cold resistance 1, rot immunity
a: Depart the Abyss, Bend Space, Renounce Religion


You were on level 2 of the Dungeon.
You worshipped Lugonu.
Lugonu was pleased with you.
You were not hungry.

You visited 1 branch of the dungeon, and saw 3 of its levels.
You visited the Abyss 1 time.

You collected 99 gold pieces.

Inventory:

Hand Weapons
 a - a +2 hand axe (weapon)
Armour
 e - a +0 buckler (worn)
 f - a +0 pair of gloves (worn)
 n - a +0 scale mail (worn)
Jewellery
 g - a ring of positive energy (left hand)
Scrolls
 c - a scroll of random uselessness {unknown}
 i - 2 scrolls of enchant weapon
 j - a scroll of blinking
 m - 2 scrolls of enchant armour {unknown}
 p - a scroll of remove curse {unknown}
Potions
 b - 2 potions of brilliance
 h - a potion of flight
 q - a potion of resistance {unknown}
Comestibles
 l - 2 bread rations
 r - a slice of pizza


   Skills:
 + Level 3.7 Fighting
 + Level 2.5 Axes
 * Level 3.3 Armour
 + Level 2.3 Dodging
 + Level 0.1 Shields
 * Level 4.0 Invocations


You had 4 spell levels left.
You didn't know any spells.

Dungeon Overview and Level Annotations

Branches:
Dungeon (3/15)

Altars:

Annotations:
D:3 Jessica


Innate Abilities, Weirdness & Mutations

You have large cloven feet.
Your flesh is cold resistant.
You are immune to rotting.


Message History

Something hits you.
* * * LOW HITPOINT WARNING * * *
The orc priest mumbles some strange prayers to Beogh against you.
Pain shoots through your body!
* * * LOW HITPOINT WARNING * * *
You closely miss the orc priest.
The orc priest is heavily wounded.
You closely miss something.
You hear some strange, mumbled words.
A magic dart appears from out of thin air!
The magic dart hits you!
* * * LOW HITPOINT WARNING * * *
The orc priest closely misses you.
Drink which item? (? for menu, Esc to quit)
It was a potion of agility.
You feel agile all of a sudden.
You hear some strange, mumbled words.
A puff of flame appears from out of thin air!
The puff of flame hits you!
You die...

######### ##############
#.......# #.............
#.#####.# #.############
#.#####.######.#
#.##...........#
#.##.##.#####..#
#.##.##.#####..#
#........{@o...############
####..#######.........##...
#.....# #............##
#.##..# #..###.##.####
#.##..## #..# #.##.#
#.##...## #..# #.##.# #
#.#.....#####..# #....#####
####.#............#
###.......
#....#.......).##.#
#..#####


You could see an orc priest.

Vanquished Creatures
  Sigmund (D:2)
  2 adders (D:2)
  An ooze (D:2)
  A worm (D:2)
  2 dart slugs (D:1)
  2 ball pythons (D:1)
  2 giant cockroaches (D:1)
  3 goblins (D:1)
  3 hobgoblins
  3 jackals (D:1)
  A quokka (D:2)
  7 bats
  A giant newt (D:1)
  8 kobolds
  2 rats (D:1)
39 creatures vanquished.

Notes
Turn   | Place    | Note
--------------------------------------------------------------
     0 | Abyss:1  | Gargoyl the Demonspawn Abyssal Knight began the quest for the Orb.
     0 | Abyss:1  | Reached XP level 1. HP: 18/18 MP: 2/2
    52 | Abyss:2  | Noticed a neqoxec
    61 | Abyss:3  | Noticed a large abomination
    84 | Abyss:3  | Noticed an apocalypse crab
    85 | Abyss:3  | Paralysed by an apocalypse crab for 2 turns
   106 | Abyss:4  | Noticed a large abomination
   132 | Abyss:4  | Noticed a tentacled starspawn
   145 | D:1      | Escaped the Abyss
   473 | D:1      | Gained mutation: You have large cloven feet. [demonic ancestry]
   473 | D:1      | Reached XP level 2. HP: 24/24 MP: 3/3
   482 | D:1      | Reached * piety under Lugonu
   492 | D:1      | Reached skill level 1 in Dodging
  1132 | D:1      | Gained mutation: Your flesh is cold resistant. [demonic ancestry]
  1132 | D:1      | Reached XP level 3. HP: 24/29 MP: 5/5
  1169 | D:1      | Reached skill level 3 in Invocations
  1547 | D:2      | Noticed Sigmund
  1554 | D:2      | Killed Sigmund
  1554 | D:2      | Gained mutation: You are immune to rotting. [demonic ancestry]
  1554 | D:2      | Reached XP level 4. HP: 10/36 MP: 6/6
  1554 | D:2      | Reached XP level 5. HP: 11/41 MP: 7/7
  1949 | D:2      | Reached ** piety under Lugonu
  2060 | D:2      | Reached skill level 4 in Invocations
  2552 | D:3      | Noticed Jessica
  2573 | D:2      | Killed from afar by an orc wizard

Skill      XL: |  1  2  3  4  5 |
---------------+----------------+-----
Armour         | 2 3 |  3.3
Dodging        | 1 2 |  2.3
Invocations    | 3 4 |  4.0
Axes           | 2 |  2.5
Fighting       | |  3.7
Shields        | |  0.1

Action                   |  1- 3 |  4- 6 || total
-------------------------+-------+-------++-------
Melee: Hand axe          |   104 |    57 ||   161
       Kick              |    22 |    15 ||    37
Invok: Depart the Abyss  |     1 |       ||     1
  Use: Scroll            |     4 |       ||     4
       Potion            |     2 |     5 ||     7
  Eat: Chunk             |     2 |       ||     2
       Bread ration      |       |     1 ||     1
Armor: Leather armour    |    42 |       ||    42
       Scale mail        |     1 |    30 ||    31
Dodge: Dodged            |    68 |    23 ||    91
Block: Buckler           |     7 |     8 ||    15
